[ AOE2 MATCH · #505267519 ]
UnrankedMongols vs Persians
Player's team · WIN
Rival team · LOSS
[ REPLAY ANALYSIS · EXTRACTED FROM THE RECORDED GAME ]
Feudal
—
Castle
—
Imperial
—
| APM avg | 28.2 |
| APM peak | 49 |
| eAPM avg | 14.0 |
| Villagers / military | 20 / 3 |
Focus
⚔️ 22.7% · 🌾 77.3%
Militia ×3
Feudal
—
Castle
—
Imperial
—
| APM avg | 51.7 |
| APM peak | 65 |
| eAPM avg | 15.3 |
| Villagers / military | 16 / 0 |
Focus
⚔️ 19.0% · 🌾 81.0%
Match map
Initial resources + every placement click. Lines = walls · curves = elevation contours. ◆ gold · ⬟ stone · ● berries · ✦ relic · ◌ wall gap
Your base
anadoludr's base
Smoothed initial terrain · ◌ = detected wall gap · hover for details
Inputs per minute
— CapoT - - anadoludr
Build order — CapoT
33 actions detected in the replay
| 0:02 | Queue | Villager (Male) |
| 0:03 | Queue | Villager (Male) |
| 0:03 | Queue | Villager (Male) |
| 0:03 | Queue | Villager (Male) |
| 0:04 | Build | House |
| 0:06 | Build | House |
| 1:23 | Queue | Villager (Male) |
| 1:47 | Build | Lumber Camp |
| 1:52 | Queue | Villager (Male) |
| 2:27 | Queue | Villager (Male) |
| 2:27 | Queue | Villager (Male) |
| 2:52 | Queue | Villager (Male) |
| 3:13 | Queue | Villager (Male) |
| 3:15 | Queue | Villager (Male) |
| 3:15 | Queue | Villager (Male) |
| 3:51 | Build | House |
| 4:25 | Build | Barracks |
| 4:32 | Queue | Villager (Male) |
| 4:33 | Queue | Villager (Male) |
| 4:44 | Build | House |
| 5:23 | Queue | Militia |
| 5:23 | Queue | Militia |
| 5:26 | Queue | Militia |
| 5:46 | Queue | Villager (Male) |
| 5:46 | Queue | Villager (Male) |
| 6:05 | Build | House |
| 6:34 | Queue | Villager (Male) |
| 7:01 | Build | Mill |
| 7:05 | Queue | Villager (Male) |
| 7:05 | Queue | Villager (Male) |
| 7:15 | Build | House |
| 7:18 | Build | House |
| 7:43 | Queue | Villager (Male) |
Build order — anadoludr
18 actions detected in the replay
| 0:00 | Queue | Villager (Male) ×5 |
| 0:03 | Build | House |
| 0:04 | Build | House |
| 1:18 | Build | Lumber Camp |
| 1:23 | Queue | Villager (Male) |
| 1:53 | Queue | Villager (Male) |
| 2:21 | Queue | Villager (Male) |
| 2:51 | Queue | Villager (Male) ×2 |
| 2:51 | Queue | Villager (Male) ×2 |
| 3:19 | Build | House |
| 4:10 | Queue | Villager (Male) |
| 4:17 | Queue | Villager (Male) ×3 |
| 5:51 | Research | Loom |
| 6:16 | Build | Mill |
| 6:33 | Build | Town Center |
| 7:01 | Build | Town Center |
| 7:21 | Build | Town Center |
| 7:40 | Build | Town Center |
Match timeline
| 4:25 | CapoT · first_building Barracks |
| 8:22 | anadoludr · resign |
[ AI ANALYSIS · 1 CREDIT ]
What really happened in this match?
Wolo.gg analyzes every decision: build order, eco, micro, common mistakes by bracket. Personalized analysis on WhatsApp or Discord in 30 seconds.
Civ guide
Mongols
Perfil
Jugador #4211768